AoeStats
← Andrew Geek

Arena

508677342Analyzed
4v4 RM · 7d ago on Sep 23, 2026· 39m 24s· 8 players
Game mode
Random Map
Map size
Large (8 player)
Population
200
Speed
Normal
Resources
Standard
Victory
Conquest
Starting age
Dark Age
Ending age
Imperial Age
RankedLock teamsTeams togetherTeam positionsShared explorationLock speedFull tech treeHidden civsTurbo modeCheats
Victory
Defeat
🇨🇳 Persians · China
1223
+14
🇨🇳 Goths · China
1218
+14
🇨🇳 Romans · China
1194
+15
1170
+16
🇨🇴 Koreans · Colombia
1269
-18
🇧🇪 Portuguese · Belgium
1200
-15
🇹🇼 Britons · Taiwan
1133
-13
🇹🇼 Varangians · Taiwan
1120
-13
DAO HAO DOG HAVE DEAD FAMILY
10:41 Feudal Age
13:59 Double-Bit Axe
16:39 Castle Age
21:49 Imperial Age
20:03 Padded Archer Armor
19:51 Horse Collar
22:55 Wheelbarrow
22:05 Loom
23:36 Bow Saw
24:31 Leather Archer Armor
30:15 Ring Archer Armor
31:58 Scale Barding Armor
32:03 Forging
34:28 Bloodlines
34:18 Husbandry
35:43 Chain Barding Armor
35:59 Iron Casting
73624617386501790
11:07 Feudal Age
11:41 Double-Bit Axe
14:50 Castle Age
12:48 Horse Collar
15:59 Bow Saw
16:42 Heavy Plow
22:04 Scale Mail Armor
23:08 Chain Mail Armor
28:34 Wheelbarrow
30:14 Hand Cart
31:01 Gold Mining
31:15 Loom
35:26 Imperial Age
33:10 Forging
34:26 Iron Casting
33:19 Man-at-Arms
34:00 Squires
33:20 Pikeman
34:22 Long Swordsman
35:30 Two-Handed Swordsman
37:12 Blast Furnace
36:15 Perfusion
36:36 Conscription
35:50 Halberdier
35:56 Capped Ram
36:14 Champion
LSHX
9:41 Feudal Age
13:36 Castle Age
11:50 Double-Bit Axe
20:11 Horse Collar
21:08 Bow Saw
22:35 Wheelbarrow
22:24 Heavy Plow
23:37 Hand Cart
27:28 Imperial Age
24:44 Loom
25:12 Gold Mining
25:13 Stone Mining
25:37 Forging
25:37 Scale Barding Armor
26:02 Husbandry
26:13 Bloodlines
27:08 Iron Casting
26:39 Town Watch
27:43 Chain Barding Armor
29:20 Two-Man Saw
28:44 Cavalier
29:33 Heavy Camel Rider
31:11 Plate Barding Armor
31:36 Blast Furnace
32:26 Crop Rotation
32:00 Fletching
32:32 Ballistics
32:23 Masonry
33:22 Savar
35:40 Conscription
38:16 Hoardings
taileibuxiang108
10:42 Feudal Age
11:34 Double-Bit Axe
14:32 Castle Age
12:44 Horse Collar
15:39 Bow Saw
16:24 Wheelbarrow
19:56 Gold Mining
20:12 Heavy Plow
21:51 Town Watch
21:51 Loom
23:49 Ballistics
28:35 Imperial Age
27:27 Gold Shaft Mining
26:42 Stone Mining
28:51 Heavy Scorpion
30:58 Chemistry
32:25 Ballistas
32:41 Conscription
32:42 Comitatenses
32:21 Capped Ram
32:34 Man-at-Arms
33:14 Squires
33:20 Scale Mail Armor
33:31 Forging
33:37 Siege Engineers
34:29 Siege Ram
34:39 Long Swordsman
34:40 Pikeman
36:54 Halberdier
36:54 Legionary
Andrew Geek
9:57 Feudal Age
10:19 Loom
14:39 Castle Age
12:51 Double-Bit Axe
13:22 Horse Collar
20:48 Wheelbarrow
29:51 Imperial Age
28:25 Town Watch
28:33 Fletching
30:03 Heavy Rocket Cart
36:39 Bodkin Arrow
noumha
11:24 Feudal Age
15:51 Castle Age
15:18 Loom
16:07 Horse Collar
21:24 Elite Skirmisher
23:45 Fletching
24:13 Fortified Wall
29:51 Imperial Age
28:10 Ballistics
28:46 Padded Archer Armor
31:54 Chemistry
34:02 Leather Archer Armor
kukucdenss
10:47 Feudal Age
12:34 Loom
15:43 Castle Age
14:13 Double-Bit Axe
22:01 Wheelbarrow
22:28 Horse Collar
22:59 Bow Saw
24:06 Gambesons
24:38 Scale Mail Armor
25:19 Fletching
24:58 Man-at-Arms
28:32 Gold Mining
29:41 Pikeman
32:38 Fortified Wall
33:49 Heavy Plow
35:51 Forging
36:24 Chain Mail Armor
37:30 Iron Casting
37:20 Hand Cart
38:47 Bodkin Arrow
Monkidz
8:14 Loom
10:32 Feudal Age
15:27 Castle Age
14:14 Double-Bit Axe
16:13 Bloodlines
17:47 Bow Saw
22:21 Wheelbarrow
23:28 Horse Collar
24:45 Husbandry
26:21 Scale Barding Armor
29:02 Forging
32:49 Gold Mining
32:49 Stone Mining
33:01 Heavy Plow
36:29 Imperial Age
36:38 Gambesons
37:12 Squires
37:58 Hand Cart
Connection lost

Rejoining the realm…

Still unreachable

The connection could not be restored.

Session expired

The server has moved on; the page needs a fresh start.